 Dungeon Crawl Stone Soup version 0.30-a0-618-gd6c86c23d0 (webtiles) character file.

Game seed: 8088853856594267788

16 wormed the Sneak (level 2, 0/18 HPs)
             Began as a Kobold Brigand on Jan 9, 2023.
             Slain by a jackal (2 damage)
             ... on level 1 of the Dungeon.
             The game lasted 00:00:31 (197 turns).

wormed the Sneak (Kobold Brigand)                    Turns: 197, Time: 00:00:32

Health: 0/18       AC:  3    Str:  8    XL:     2   Next: 70%
Magic:  2/2        EV: 14    Int: 12    God:
Gold:   30         SH:  0    Dex: 16    Spells: 1/1 levels left

rFire   . . .      SeeInvis .    a - +2 dagger
rCold   . . .      Faith    .    (no shield)
rNeg    . . .      Spirit   .    b - +0 robe
rPois   .          Reflect  .    (no helmet)
rElec   .          Harm     .    c - +0 cloak
rCorr   .          Rampage  .    (no gloves)
Will    .....                    (no boots)
Stlth   ++++                     (no amulet)
HPRegen 0.23/turn                (no ring)
MPRegen 0.08/turn                (no ring)

@: attractive
A: small, no large weapons, nightstalker 3
a: no special abilities


You were on level 1 of the Dungeon.
You visited 1 branch of the dungeon, and saw 1 of its levels.

You collected 30 gold pieces.

Inventory:

Hand Weapons
 a - a +2 dagger (weapon)
Missiles
 d - 15 poisoned darts (quivered)
 e - 3 curare-tipped darts
Armour
 b - a +0 robe (worn)
 c - a +0 cloak (worn)
Scrolls
 g - a scroll of fog {unknown}


   Skills:
 + Level 2.4 Fighting
 * Level 3.3 Short Blades
 - Level 2.1 Throwing
 + Level 1.7 Dodging
 + Level 5.5 Stealth


You had one spell level left.
You didn't know any spells.
Your spell library was empty.

Dungeon Overview and Level Annotations

Branches:
Dungeon (1/15)

Altars:


Innate Abilities, Weirdness & Mutations

You are small and have problems with some larger weapons.
You are completely attuned to the shadows.


Message History

The jackal is moderately wounded.
The jackal misses you. x2
You barely miss the jackal.
The jackal is moderately wounded.
The jackal closely misses you. The jackal misses you.
The jackal closely misses you.
You barely miss the jackal.
The jackal is moderately wounded.
The jackal bites you but does no damage.
The jackal bites you.
You hit the jackal.
The jackal is heavily wounded.
The jackal misses you. x2; The jackal completely misses you.
You closely miss the jackal.
The jackal is heavily wounded.
The jackal closely misses you. The jackal completely misses you.
You hit the jackal.
The jackal is severely wounded.
The jackal completely misses you. The jackal closely misses you.
You hit the jackal.
You kill the jackal!
The jackal barely misses you.
You see here a jackal corpse.
The jackal attacks as you move away! The jackal bites you.
The jackal attacks as you move away! The jackal barely misses you.
The jackal bites you.
You hit the jackal.
The jackal is severely wounded.
You hit the jackal.
The jackal is heavily wounded.
The jackal bites you.
* * * LOW HITPOINT WARNING * * *
The jackal closely misses you. The jackal barely misses you.
It was a potion of attraction.
You feel attractive to monsters. The jackal bites you.
* * * LOW HITPOINT WARNING * * *
The jackal closely misses you. The jackal completely misses you.
The jackal bites you.
You die...

.............##.##..#
.............##.##..#
...##..J#..#....###.####
...
###....####........##
... ###..# #.........##
... #..## #..).......#
#>..###††........#
###...#..........#
###.#h@........#
#.†hh........#
###J........##
#..........#
#..........#
#..........#
#..........#
#..........#
##........##


You could see an endoplasm and 3 jackals.

Vanquished Creatures
  2 ball pythons (D:1)
  An endoplasm (D:1)
  2 giant cockroaches (D:1)
  A goblin (D:1)
  A jackal (D:1)
  A quokka (D:1)
  A bat (D:1)
  2 kobolds (D:1)
  3 rats (D:1)
14 creatures vanquished.

Notes
Turn   | Place    | Note
-------+----------+-------------------------------------------
     0 | D:1      | wormed the Kobold Brigand began the quest for the Orb.
     0 | D:1      | Reached XP level 1. HP: 12/12 MP: 1/1
    40 | D:1      | Reached XP level 2. HP: 14/18 MP: 2/2
   197 | D:1      | Slain by a jackal

Illustrated notes

Levels and vault maps discovered:
D:1:      spicycebolla_arrival_clurvy, layout_rooms

Skill      XL: |  1 |
---------------+----+-----
Short Blades   | 3 |  3.3
Fighting       | |  2.4
Throwing       | |  2.1
Dodging        | |  1.7
Stealth        | |  5.5

Action                   || total
-------------------------++-------
Melee: Dagger            ||    52
  Use: Potion            ||     1
 Stab: Sleeping          ||     1
Armor: Robe              ||    16
Dodge: Dodged            ||    61

Table legend: (Time is in decaauts)
 A = Elapsed time spent in this place.
 B = Non-inter-level travel time spent in this place.
 C = Inter-level travel time spent in this place.
 D = Time resting spent in this place.
 E = Time spent auto-exploring this place.
 F = Levels seen in this place.
 G = Mean time per level.
                   A        B        C        D        E       F      G
               +--------+--------+--------+--------+--------+-----+--------+
         Total |    189 |    189 |      0 |      0 |    113 |   1 |  189.0 |
       Dungeon |    189 |    189 |      0 |      0 |    113 |   1 |  189.0 |
               +--------+--------+--------+--------+--------+-----+--------+

Top non-repeatable levels by time:
     D:1: 189 daAuts
